 Dungeon Crawl Stone Soup version 0.25.0-9-g26727b657a (webtiles) character file.

Game seed: 3182443766235636513

2433 Hastur the Fighter (level 9, 0/82 (84) HPs)
             Began as a Formicid Conjurer on June 21, 2020.
             Was a Follower of Makhleb.
             Slain by a killer bee (6 damage)
             ... on level 7 of the Dungeon.
             The game lasted 00:25:12 (11131 turns).

Hastur the Fighter (Formicid Conjurer)             Turns: 11131, Time: 00:25:13

HP:   0/82 (84)     AC:  9    Str: 14 (17) XL:     9   Next: 77%
MP:   12/12         EV:  6    Int: 13 (14) God:    Makhleb [*.....]
Gold: 309           SH:  4    Dex: 14 (17) Spells: 11/12 levels left

rFire    + . .     SeeInvis +   b - +1 dagger (speed)
rCold    + . .     Gourm    .   A - +0 buckler
rNeg     . . .     Faith    .   G - +0 chain mail
rPois    +         Spirit   .   (helmet unavailable)
rElec    +         Reflect  .   w - +0 cloak
rCorr    +         Harm     .   (no gloves)
MR       .....                  (no boots)
Stlth    ..........             (no amulet)
HPRegen  0.23/turn              t - ring of resist corrosion
MPRegen  0.13/turn              q - +6 ring of dexterity

@: brilliant, lethally poisoned (0 -> -2), resistant, very slightly
contaminated, invisible
A: permanent stasis, dig shafts and tunnels, four strong arms, antennae 3
a: Dig, Shaft Self, Renounce Religion


You were on level 7 of the Dungeon.
You worshipped Makhleb.
Makhleb was aware of your devotion.
You were not hungry.

You visited 2 branches of the dungeon, and saw 8 of its levels.

You collected 309 gold pieces.

Inventory:

Hand Weapons
 a - a +3 hunting sling
 b - a +1 dagger of speed (weapon)
 F - a +3 hand axe
Missiles
 f - 158 stones
 o - 11 poisoned darts (quivered)
 y - 11 sling bullets
Armour
 p - a +1 pair of boots
 w - a +0 cloak (worn)
 A - a +0 buckler (worn)
 G - a +0 chain mail (worn)
Jewellery
 m - an uncursed ring of protection from cold
 n - a +6 ring of intelligence
 q - a +6 ring of dexterity (right hand)
 t - a ring of resist corrosion (left hand)
Wands
 B - a wand of random effects (15)
 E - a wand of polymorph (13)
Scrolls
 d - 2 scrolls of fear
 i - a scroll of blinking {unknown}
 k - a scroll of enchant armour {unknown}
 l - a scroll of noise
 s - a scroll of immolation {unknown}
 u - a scroll of magic mapping
 v - 4 scrolls of remove curse
 D - a scroll of fog
 I - 2 scrolls of identify {unknown}
 K - a scroll of summoning {unknown}
Potions
 e - a potion of stabbing
 h - 2 potions of degeneration
 j - a potion of brilliance
 r - 2 potions of lignification {unknown}
 x - a potion of ambrosia {unknown}
 z - a potion of flight {unknown}
 C - a potion of cancellation
 H - a potion of resistance
 J - a potion of invisibility
 L - a potion of heal wounds {unknown}
Comestibles
 c - 7 rations


   Skills:
 + Level 12.9 Fighting
 - Level 1.7 Dodging
 - Level 2.4 Stealth
 - Level 2.4 Shields
 - Level 2.1 Spellcasting
 - Level 3.6 Conjurations


You had 11 spell levels left.
You knew the following spells:

 Your Spells              Type           Power        Failure   Level  Hunger
a - Magic Dart            Conj           ###.         87%         1    None

Your spell library contained the following spells:

 Spells                   Type           Power        Failure   Level  Hunger
 Searing Ray              Conj           ###...       95%         2    None
 Confusing Touch          Hex            #.......     100%        3    None
 Dazzling Flash           Conj/Hex       #.....       100%        3    None
 Gell's Gravitas          Tloc           #.........   100%        3    None
 Fulminant Prism          Conj/Hex       #.........   100%        4    None
 Iskenderun's Mystic Bla  Conj/Tloc      #.......     100%        4    None
 Petrify                  Tmut/Erth      #.......     100%        4    None
 Metabolic Englaciation   Hex/Ice        #.........   100%        5    None
 Yara's Violent Unravell  Hex/Tmut       #.........   100%        5    None


Dungeon Overview and Level Annotations

Branches:
Dungeon (7/15)             Temple (1/1) D:7

Altars:
Ashenzari
Cheibriados
Gozag
Hepliaklqana
Makhleb
Uskayaw
Vehumet
Yredelemnul

Annotations:
D:2 Jessica
D:4 Duvessa


Innate Abilities, Weirdness & Mutations

You cannot be hasted, slowed, berserked, paralysed or teleported.
You can dig through walls and to a lower floor.
Your four strong arms can wield two-handed weapons with a shield.
You have a pair of large antennae on your head. (SInv)


Message History

You are very lightly contaminated with residual magic.
You hit the killer bee.
The killer bee is severely wounded.
The killer bee barely misses you.
You miss the killer bee.
The killer bee is severely wounded.
You block the killer bee's attack. The killer bee barely misses you.
You barely miss the killer bee.
The killer bee is severely wounded.
You feel sick. The killer bee stings you!
* * * LOW HITPOINT WARNING * * *
It was a potion of degeneration.
There was something very wrong with that liquid.
You feel weakened.
You feel dopey.
You feel clumsy. The killer bee barely misses you. x2
It was a potion of brilliance.
You feel clever all of a sudden.
The killer bee stings you but does no damage.
The killer bee stings you.
You die...

.......#...y.......,,,**,*
....................,,,*,*
...................,,,,*,*
.......##.#(.......,,,,*,**
##(...###.[........,,,**,,**
.<.....##..(#......,,...>,,*
.(.........[...#.#*,.....,,*
.......<.#...#.#y#**....,,,*
..........#.#..#@#*#...,,******
...........>..y#y#*..#*,.,,,,,*
..........#.#..#.##.###..,,,,,*
.........#...#...#..[..#.,,,,,*
.............(...........,,,,,*
.........#....(..........,,,,,*
.........#...............,,,,,*
.........#))>............,,,,,*
.........#.......(.......,,,,,*


You could see 2 killer bees.

Vanquished Creatures
  Prince Ribbit (D:6)
  Menkaure (D:6)
  An orc warrior (D:6)
  A hornet zombie (D:7)
  3 ogres
  3 phantoms
  An ice beast (D:5)
  A necrophage (D:5)
  A centaur (D:5)
  3 bullfrogs (D:6)
  Dowan (D:4)
  A wyvern skeleton (D:7)
  2 killer bees
  A howler monkey (D:6)
  2 bullfrog skeletons (D:5)
  2 orc priests
  2 hounds
  6 orc wizards
  2 centaur skeletons
  2 iguanas
  3 worker ants (D:5)
  A mummy (D:7)
  Robin (D:3)
  7 adders
  A shadow imp (D:6)
  2 oozes
  4 worms (D:3)
  A dart slug (D:1)
  8 leopard geckos
  28 orcs
  9 bats
  2 giant cockroaches
  17 goblins
  7 hobgoblins
  10 jackals
  4 quokkas
  A ball python (D:6)
  A ball python skeleton (D:4)
  A frilled lizard (D:1)
  6 kobolds
  A leopard gecko skeleton (D:4)
  A quokka skeleton (D:5)
  4 rats (D:1)
157 creatures vanquished.

Notes
Turn   | Place    | Note
-------+----------+-------------------------------------------
     0 | D:1      | Hastur the Formicid Conjurer began the quest for the Orb.
     0 | D:1      | Reached XP level 1. HP: 13/13 MP: 3/3
   169 | D:1      | Reached skill level 1 in Fighting
   244 | D:1      | Reached XP level 2. HP: 21/21 MP: 5/5
   252 | D:1      | Reached skill level 2 in Fighting
   568 | D:1      | Reached XP level 3. HP: 28/28 MP: 3/6
   813 | D:1      | Reached skill level 3 in Fighting
  1365 | D:2      | Found a shattered altar of Ashenzari.
  1526 | D:2      | Reached XP level 4. HP: 35/35 MP: 3/7
  1838 | D:2      | Noticed Jessica
  2349 | D:3      | Reached skill level 4 in Fighting
  2710 | D:3      | Noticed a +0 dagger
  2711 | D:3      | Noticed a +0 hand axe
  2713 | D:3      | Found a hide-covered altar of Uskayaw.
  3315 | D:3      | Reached XP level 5. HP: 43/43 MP: 5/8
  3595 | D:3      | Found a snail-covered altar of Cheibriados.
  3601 | D:3      | Found an opulent altar of Gozag.
  3602 | D:3      | Found a hazy altar of Hepliaklqana.
  3603 | D:3      | Found a radiant altar of Vehumet.
  3605 | D:3      | Found a basalt altar of Yredelemnul.
  3958 | D:4      | Reached skill level 5 in Fighting
  4034 | D:4      | Noticed a phantom
  4059 | D:4      | Killed a phantom
  4059 | D:4      | Reached skill level 6 in Fighting
  4059 | D:4      | Reached XP level 6. HP: 43/52 MP: 9/9
  4261 | D:4      | Reached skill level 1 in Shields
  4402 | D:4      | Noticed Robin
  4597 | D:3      | Killed Robin
  4785 | D:4      | Noticed Duvessa
  4789 | D:4      | Noticed Dowan
  4836 | D:4      | HP: 1/53 [orc priest/divine providence (16)]
  5480 | D:4      | Killed Dowan
  5849 | D:4      | Reached XP level 7. HP: 59/59 MP: 10/10
  5865 | D:4      | Reached skill level 7 in Fighting
  6147 | D:5      | Entered Level 5 of the Dungeon
  6649 | D:5      | Reached skill level 8 in Fighting
  6785 | D:5      | Reached XP level 8. HP: 62/69 MP: 11/11
  7000 | D:5      | Found a burning altar of Makhleb.
  7018 | D:5      | Became a worshipper of Makhleb the Destroyer
  7165 | D:6      | Reached skill level 9 in Fighting
  7638 | D:6      | Reached skill level 10 in Fighting
  7948 | D:6      | Reached XP level 9. HP: 77/77 MP: 12/12
  7980 | D:6      | Noticed Menkaure
  7989 | D:6      | Killed Menkaure
  7989 | D:6      | Reached skill level 11 in Fighting
  9337 | D:7      | Noticed Prince Ribbit
  9423 | D:6      | Killed Prince Ribbit
  9423 | D:6      | Reached skill level 12 in Fighting
 10341 | D:7      | Reached * piety under Makhleb
 10628 | D:7      | Found a staircase to the Ecumenical Temple.
 10664 | Temple   | Entered the Ecumenical Temple
 11131 | D:7      | Slain by a killer bee

Illustrated notes

Levels and vault maps discovered:
D:1:      dpeg_arrival_renting, layout_basic
D:2:      layout_basic, evilmike_ruin_ashenzari, uniq_jessica
D:3:      layout_basic, dancing_weapons_uskayaw, minitemple, first_ration
D:4:      layout_basic, uniq_duvessa, uniq_robin
D:5:      cheibrodos_quashed, layout_loops_ring, basic_altar,
          kennysheep_generic_room_13
D:6:      layout_basic, uniq_menkaure
D:7:      layout_rooms, minmay_temple_entry_crystal_x,
          nicolae_ossuary_entry_giza, basic_altar, uniq_prince_ribbit1
Temple:   oiseaux_autumnal_temple

Skill      XL: |  1  2  3  4  5  6  7  8  9 |
---------------+----------------------------+-----
Fighting       | 1 2 3 4 6 8 10 12 | 12.9
Shields        | 2 |  2.4
Dodging        | |  1.7
Stealth        | |  2.4
Spellcasting   | |  2.1
Conjurations   | |  3.6

Action                   |  1- 3 |  4- 6 |  7- 9 || total
-------------------------+-------+-------+-------++-------
Melee: Dagger            |       |       |    45 ||    45
 Fire: Hunting sling     |    36 |   170 |   372 ||   578
Throw: Dart              |       |     6 |    28 ||    34
 Cast: Magic Dart        |    52 |    51 |     8 ||   111
 Abil: Dig               |     1 |       |     5 ||     6
Evoke: Wand              |       |       |     7 ||     7
  Use: Scroll            |     1 |     2 |     4 ||     7
       Potion            |       |       |     6 ||     6
  Eat: Chunk             |     3 |    13 |    18 ||    34
Armor: Robe              |     1 |     6 |       ||     7
       Ring mail         |       |    18 |    21 ||    39
       Chain mail        |       |       |   103 ||   103
Dodge: Dodged            |    18 |    53 |   159 ||   230
Block: Buckler           |       |       |    79 ||    79
